 Dungeon Crawl Stone Soup version 0.30-a0-137-gd8773701ce (webtiles) character file.

Game seed: 10350572277564640019

452 Iusername the Covered (level 6, -7/53 HPs)
             Began as a Minotaur Fighter on Sept 21, 2022.
             Was an Initiate of Trog.
             Killed from afar by Sigmund (10 damage)
             ... with a puff of flame
             ... on level 5 of the Dungeon.
             The game lasted 00:08:51 (7258 turns).

Iusername the Covered (Minotaur Fighter)            Turns: 7258, Time: 00:08:52

Health: -7/53      AC:  8    Str: 22    XL:     6   Next: 75%
Magic:  5/5        EV:  9    Int:  4    God:    Trog [......]
Gold:   161        SH:  9    Dex: 13    Spells: 5/5 levels left

rFire   . . .      SeeInvis .    a - +0 long sword
rCold   . . .      Faith    .    i - +0 kite shield
rNeg    . . .      Spirit   .    b - +0 scale mail
rPois   +          Reflect  .    (helmet unavailable)
rElec   .          Harm     .    (no cloak)
rCorr   .          Rampage  .    (no gloves)
Will    .....                    m - +0 pair of boots
Stlth   ..........               (no amulet)
HPRegen 0.17/turn                (no ring)
MPRegen 0.09/turn                (no ring)

@: attractive
A: horns 3, retaliatory headbutt, agile 1, poison resistance, evolution 1
a: Renounce Religion


You were on level 5 of the Dungeon.
You worshipped Trog.
Trog was noncommittal.
You visited 1 branch of the dungeon, and saw 5 of its levels.

You collected 161 gold pieces.

Inventory:

Hand Weapons
 a - a +0 long sword (weapon)
Armour
 b - a +0 scale mail (worn)
 i - a +0 kite shield (worn)
 m - a +0 pair of boots (worn)
 t - a +2 hat
Jewellery
 e - a ring of ice
 o - a ring of willpower
Wands
 v - a wand of paralysis (9)
 y - a wand of polymorph (6)
Scrolls
 d - a scroll of acquirement {unknown}
 j - 3 scrolls of teleportation
 k - a scroll of blinking {unknown}
 l - a scroll of enchant weapon {unknown}
 q - a scroll of torment {unknown}
 r - 2 scrolls of identify {unknown}
 u - a scroll of immolation {unknown}
 w - a scroll of fog {unknown}
 x - a scroll of poison {unknown}
 z - a scroll of summoning {unknown}
 A - a scroll of magic mapping {unknown}
 B - a scroll of enchant armour {unknown}
Potions
 c - 2 potions of berserk rage {unknown}
 f - a potion of attraction
 g - a potion of brilliance {unknown}
 n - a potion of heal wounds {unknown}
 p - a potion of flight {unknown}
 s - a potion of mutation


   Skills:
 + Level 4.5 Fighting
 + Level 5.4 Long Blades
 + Level 5.9 Armour
 + Level 1.6 Dodging
 + Level 0.5 Stealth
 + Level 4.9 Shields


You had 5 spell levels left.
You didn't know any spells.
Your spell library contained the following spells:

 Spells                   Type           Power      Damage    Failure   Level
 Slow                     Hex            0%         N/A       99%         1
 Summon Small Mammal      Summ           0%         N/A       99%         1
 Call Canine Familiar     Summ           0%         N/A       100%        3
 Confusing Touch          Hex            0%         N/A       100%        3
 Summon Guardian Golem    Hex/Summ       0%         N/A       100%        3
 Vampiric Draining        Necr           0%         2d6       100%        3


Dungeon Overview and Level Annotations

Branches:
Dungeon (5/15)
 Temple: D:4-7

Altars:
Ashenzari
Trog

Shops:
D:4 (

Annotations:
D:5 Sigmund


Innate Abilities, Weirdness & Mutations

You have a pair of large horns on your head.
You reflexively headbutt those who attack you in melee.
You are agile. (Dex +4, Str/Int -1)
Your system is resistant to poisons. (rPois)
You have hidden genetic potential.


Message History

The magic dart hits you but does no damage.
You barely miss something.
You hear some strange, mumbled words.
A magic dart appears from out of thin air!
The magic dart hits you.
* * * LOW HITPOINT WARNING * * *
Something hits you.
* * * LOW HITPOINT WARNING * * *
You closely miss something. Your headbutt misses something. You hit something.
Your headbutt misses something.
You hear some strange, mumbled words.
A magic dart appears from out of thin air!
The magic dart hits you.
* * * LOW HITPOINT WARNING * * *
You feel better.
You hear some strange, mumbled words.
A magic dart appears from out of thin air!
The magic dart hits you.
* * * LOW HITPOINT WARNING * * *
It was a potion of mutation.
You feel extremely strange.
You feel a hidden potential growing inside you.
The horns on your head grow some more.
Your +2 hat falls away!
You feel resistant to poisons.
You feel agile. Something hits you.
* * * LOW HITPOINT WARNING * * *
You closely miss something. Your headbutt misses something.
You hear some strange, mumbled words.
A puff of flame appears from out of thin air!
The puff of flame hits you.
* * * LOW HITPOINT WARNING * * *
You hit something but do no damage. Your headbutt misses something.
Something hits you!
* * * LOW HITPOINT WARNING * * *
It was a potion of attraction.
You feel attractive to monsters.
You hear some strange, mumbled words.
A puff of flame appears from out of thin air!
The puff of flame hits you!
You die...

.........
#######..#####
#.####### #..#
#.# ###..#
#.### #....#
..... #.##.#
..... ##.##.#
#)## ##..)#.#
#.# ###{#.#..#
# #..@.....#
#. #.#.# .
#.#.#.#.## ..
#.#.#.#
#......## .#
#.#.#.#
#####.## .#
#.#.#.### #.#
.# #.......#
#.# .#
#....... ..#
.####..#.# #.#
.........#


There were no monsters in sight!

Vanquished Creatures
  Pargi (D:3)
  3 hounds
  3 iguanas
  2 orc wizards
  4 adders
  An ufetubus (D:4)
  3 worms (D:2)
  14 orcs
  5 endoplasms
  4 giant cockroaches
  5 goblins
  8 hobgoblins
  6 kobolds
  6 quokkas
  12 ball pythons
  2 bats
  3 frilled lizards
  2 rats
84 creatures vanquished.

Notes
Turn   | Place    | Note
-------+----------+-------------------------------------------
     0 | D:1      | Iusername the Minotaur Fighter began the quest for the Orb.
     0 | D:1      | Reached XP level 1. HP: 19/19 MP: 0/0
   540 | D:1      | Reached XP level 2. HP: 27/27 MP: 1/1
  1917 | D:2      | Reached XP level 3. HP: 14/33 MP: 2/2
  3550 | D:3      | Reached XP level 4. HP: 17/40 MP: 3/3
  4014 | D:3      | Noticed Pargi
  4027 | D:3      | Killed Pargi
  4028 | D:3      | Reached skill level 5 in Armour
  4028 | D:3      | Reached XP level 5. HP: 18/46 MP: 4/4
  4797 | D:4      | Found a bloodstained altar of Trog.
  4797 | D:4      | Found a broken altar of Ashenzari.
  4805 | D:4      | Became a worshipper of Trog the Wrathful
  4955 | D:4      | Reached skill level 1 in Dodging
  5419 | D:4      | Found Qaiquesm's Antique Weapon Boutique.
  5500 | D:4      | Reached XP level 6. HP: 22/53 MP: 5/5
  6131 | D:5      | Entered Level 5 of the Dungeon
  6146 | D:4      | Reached skill level 5 in Long Blades
  7217 | D:5      | Noticed Sigmund
  7255 | D:5      | Gained mutation: You have hidden genetic potential. [potion
                  | of mutation]
  7255 | D:5      | Gained mutation: You have a pair of large horns on your
                  | head. [potion of mutation]
  7255 | D:5      | Gained mutation: Your system is resistant to poisons.
                  | (rPois) [potion of mutation]
  7255 | D:5      | Gained mutation: You are agile. (Dex +4, Str/Int -1)
                  | [potion of mutation]
  7258 | D:5      | Killed from afar by Sigmund

Illustrated notes

Levels and vault maps discovered:
D:1:      dpeg_arrival_snail, layout_loops_ring, nrook_campfire
D:2:      layout_basic
D:3:      layout_basic, uniq_pargi
D:4:      layout_loops_corners, chequers_temple_overflow_statue_of_worship,
          serial_shops, nicolae_take_the_stairs
D:5:      layout_loops_ring, uniq_sigmund

Skill      XL: |  1  2  3  4  5  6 |
---------------+-------------------+-----
Armour         | 4 5 |  5.9
Long Blades    | 3 4 5 |  5.4
Fighting       | 4 |  4.5
Shields        | 4 |  4.9
Dodging        | 1 |  1.6
Stealth        | |  0.5

Action                   |  1- 3 |  4- 6 || total
-------------------------+-------+-------++-------
Melee: Long sword        |   122 |   155 ||   277
       Headbutt          |    17 |    26 ||    43
  Use: Potion            |     1 |     6 ||     7
       Scroll            |     1 |       ||     1
Armor: Scale mail        |    52 |    91 ||   143
Dodge: Dodged            |    39 |    56 ||    95
Block: Buckler           |    11 |       ||    11
       Kite shield       |    24 |    76 ||   100

Table legend: (Time is in decaauts)
 A = Elapsed time spent in this place.
 B = Non-inter-level travel time spent in this place.
 C = Inter-level travel time spent in this place.
 D = Time resting spent in this place.
 E = Time spent auto-exploring this place.
 F = Levels seen in this place.
 G = Mean time per level.
                   A        B        C        D        E       F      G
               +--------+--------+--------+--------+--------+-----+--------+
         Total |   7355 |   7279 |     76 |   2890 |   2652 |   5 | 1471.0 |
       Dungeon |   7355 |   7279 |     76 |   2890 |   2652 |   5 | 1471.0 |
               +--------+--------+--------+--------+--------+-----+--------+

Top non-repeatable levels by time:
     D:4: 1858 daAuts
     D:1: 1680 daAuts
     D:2: 1585 daAuts
     D:3: 1482 daAuts
     D:5: 748 daAuts
